 Dungeon Crawl Stone Soup version 0.30-a0-778-g2ef04afb54 (webtiles) character file.

Game seed: 595400526697676832

3000 themarg the Ducker (level 9, -7/61 HPs)
             Began as an Octopode Venom Mage on Feb 15, 2023.
             Was an Elder of Vehumet.
             Mangled by a steam dragon (11 damage)
             ... on level 7 of the Dungeon.
             The game lasted 00:32:05 (8977 turns).

themarg the Ducker (Octopode Venom Mage)            Turns: 8977, Time: 00:32:05

Health: -7/61      AC:  1    Str:  8    XL:     9   Next: 84%
Magic:  7/16       EV: 15    Int: 27    God:    Vehumet [****..]
Gold:   194        SH:  5    Dex: 12    Spells: 5/18 levels left

rFire   . . .      SeeInvis .    a - +0 dagger (flame)
rCold   . . .      Faith    .    (no shield)
rNeg    . . .      Spirit   .    (helmet restricted)
rPois   .          Reflect  +    e - amulet of reflection
rElec   .          Harm     .    r - +6 ring of intelligence
rCorr   .          Rampage  .    (no ring)
Will    .....                    (no ring)
Stlth   +++                      (no ring)
HPRegen 0.30/turn                (no ring)
MPRegen 0.15/turn                (no ring)
                                 (no ring)
                                 (no ring)

@: no status effects
A: almost no armour, amphibious, 8 rings, camouflage 1, gelatinous body 1,
(nimble swimmer 1), tentacles
a: Renounce Religion


You were on level 7 of the Dungeon.
You worshipped Vehumet.
Vehumet was greatly pleased with you.
You visited 1 branch of the dungeon, and saw 7 of its levels.

You collected 414 gold pieces.
You spent 220 gold pieces at shops.

Inventory:

Hand Weapons
 a - a +0 dagger of flaming (weapon)
 b - a +1 short sword of holy wrath
Missiles
 d - 2 curare-tipped darts
 l - 50 stones (quivered)
 m - 10 poisoned darts
 y - 4 javelins
Jewellery
 e - an amulet of reflection (around mantle)
 r - a +6 ring of intelligence (left tentacle)
 A - an amulet of the acrobat
Wands
 p - a wand of digging (6)
Scrolls
 c - a scroll of teleportation
 g - a scroll of brand weapon {unknown}
 i - a scroll of immolation {unknown}
 o - a scroll of acquirement {unknown}
 t - a scroll of amnesia {unknown}
 v - a scroll of enchant weapon {unknown}
 z - a scroll of torment {unknown}
 C - a scroll of magic mapping {unknown}
Potions
 f - 2 potions of heal wounds
 h - 3 potions of haste
 j - a potion of ambrosia {unknown}
 k - 2 potions of magic
 n - 2 potions of curing
 q - 2 potions of brilliance
 s - a potion of berserk rage {unknown}
 w - a potion of cancellation
 x - a potion of mutation {unknown}
 B - a potion of lignification {unknown}


   Skills:
 - Level 5.0 Fighting
 + Level 1.2 Short Blades
 - Level 7.0 Dodging
 - Level 3.0 Stealth
 - Level 5.0 Spellcasting
 - Level 5.0 Conjurations
 - Level 1.0 Transmutations
 - Level 5.0 Ice Magic
 - Level 3.0 Air Magic
 - Level 5.0 Poison Magic
 - Level 2.0 Evocations


You had 5 spell levels left.
You knew the following spells:

 Your Spells              Type           Power      Damage    Failure   Level
a - Sting                 Tmut/Pois      92%        1d7       1%          1
b - Poisonous Vapours     Pois/Air       56%        N/A       1%          2
c - Mephitic Cloud        Conj/Pois/Air  30%        N/A       1%          3
d - Olgreb's Toxic Radia  Pois           33%        N/A       2%          4
e - Frozen Ramparts       Ice            66%        1d10      1%          3

Your spell library contained the following spells:

 Spells                   Type           Power      Damage    Failure   Level
 Summon Small Mammal      Summ           24%        N/A       7%          1
 Call Canine Familiar     Summ           6%         N/A       22%         3
 Gell's Gravitas          Tloc           6%         N/A       22%         3
 Summon Guardian Golem    Hex/Summ       6%         N/A       22%         3
 Teleport Other           Tloc           6%         N/A       22%         3
 Dispersal                Tloc           3%         N/A       100%        6


Dungeon Overview and Level Annotations

Branches:
Dungeon (7/15)             Temple (0/1) D:6

Altars:
Fedhas
Makhleb
Okawaru
Qazlal
Vehumet
Yredelemnul

Shops:
D:4 (!

Annotations:
D:6 exclusion: downstairs
D:7 exclusion: 2 wraiths


Innate Abilities, Weirdness & Mutations

You cannot wear most types of armour.
You are amphibious.
You can wear up to eight rings at the same time.
Your skin changes colour to match your surroundings (Stealth+).
Your rubbery body absorbs attacks. (AC +1, EV +1)
((You are camouflaged when in or above water. (Stealth+)))
You have tentacles for arms and can constrict up to eight enemies at once.


Message History

You hit the steam dragon but do no damage.
The steam dragon is severely wounded.
The steam dragon barely misses you. The steam dragon misses you.
You closely miss the steam dragon.
The steam dragon is severely wounded.
You block the steam dragon's attack. The steam dragon barely misses you.
You closely miss the steam dragon.
The steam dragon is severely wounded.
The steam dragon misses you. The steam dragon claws you.
You closely miss the steam dragon.
You squeeze the steam dragon, but do no damage.
The steam dragon is severely wounded.
You block the steam dragon's attack. The steam dragon closely misses you.
You hit the steam dragon but do no damage.
You squeeze the steam dragon, but do no damage.
The steam dragon is almost dead.
The steam dragon closely misses you. You block the steam dragon's attack.
You barely miss the steam dragon.
You squeeze the steam dragon, but do no damage.
The steam dragon is almost dead.
You block the steam dragon's attack. The steam dragon claws you.
You closely miss the steam dragon.
The steam dragon is almost dead.
The steam dragon barely misses you. The steam dragon closely misses you.
You hit the steam dragon but do no damage.
The steam dragon is almost dead.
The steam dragon breathes steam at you. The ball of steam hits you!
* * * LOW HITPOINT WARNING * * *
The steam dragon bites you.
* * * LOW HITPOINT WARNING * * *
You block the steam dragon's attack.
Aiming: Sting (safe; 1% risk of failure)
Press: ? - help, Shift-Dir - straight line, f/p - steam dragon
Aim: a steam dragon (almost dead, very poisoned, catching its breath, 76% to hit)
The sting hits the steam dragon but does no damage.
The steam dragon looks as sick as possible!
The steam dragon is almost dead.
The steam dragon bites you!
You die...

#.# ## ##.# #############..
.#.##### #......#......#
.#.....# #......#......#
.......# #......#......#
#.###..# #.......)..###.
....#..########...........###
.............§§§D..........##
.###...########.@....#...(...
......## ########.##..##
##...## .# ### ....)# .# J
##.#.# D# ...#)# .. .#.#)#
########### ## .#.#.#
#.........# <..#†#
#.........#


You could see a steam dragon (extremely poisoned, catching breath).

Vanquished Creatures
  Maggie (D:6)
  A vampire mosquito (D:7)
  A water moccasin (D:7)
  3 sky beasts
  An ice beast (D:6)
  3 black bears (D:7)
  3 ogres
  2 kobold brigands (D:7)
  4 necrophages (D:6)
  3 bullfrogs
  2 scorpions
  3 killer bees (D:7)
  2 howler monkeys (D:5)
  A bullfrog zombie (D:6)
  A centaur zombie (D:6)
  5 jellies
  2 orc priests (D:5)
  2 hounds
  An iguana (D:6)
  3 orc wizards
  A howler monkey zombie (D:6)
  7 adders
  3 shadow imps
  A white imp (D:7)
  3 ufetubi
  4 worms
  4 dart slugs
  13 orcs
  7 endoplasms
  4 giant cockroaches
  6 goblins
  7 hobgoblins
  16 kobolds
  A quokka (D:4)
  8 ball pythons
  A bat (D:1)
  4 frilled lizards
  11 rats
145 creatures vanquished.

Vanquished Creatures (collateral kills)
  A killer bee (D:7)
1 creature vanquished.

Vanquished Creatures (others)
  A bush (D:6)
  13 plants (D:6)
14 creatures vanquished.

Grand Total: 160 creatures vanquished

Notes
Turn   | Place    | Note
-------+----------+-------------------------------------------
     0 | D:1      | themarg the Octopode Venom Mage began the quest for the
                  | Orb.
     0 | D:1      | Reached XP level 1. HP: 11/11 MP: 3/3
    85 | D:1      | Found a faded altar of an unknown god.
   146 | D:1      | Prayed at the altar of an unknown god.
   146 | D:1      | Became a worshipper of Vehumet
   146 | D:1      | Reached * piety under Vehumet
   146 | D:1      | Offered knowledge of Sandblast by Vehumet.
   368 | D:1      | Reached XP level 2. HP: 17/17 MP: 1/5
   371 | D:1      | Learned a level 2 spell: Poisonous Vapours
   697 | D:1      | Reached skill level 1 in Air Magic
  1455 | D:2      | Reached XP level 3. HP: 21/21 MP: 1/6
  2191 | D:3      | Reached ** piety under Vehumet
  2191 | D:3      | Offered knowledge of Scorch by Vehumet.
  2330 | D:3      | Reached skill level 1 in Fighting
  2330 | D:3      | Reached XP level 4. HP: 28/28 MP: 5/7
  2710 | D:3      | Found a basalt altar of Yredelemnul.
  2933 | D:3      | Learned a level 3 spell: Mephitic Cloud
  3331 | D:4      | Reached skill level 1 in Conjurations
  3331 | D:4      | Reached XP level 5. HP: 16/33 MP: 2/9
  3412 | D:4      | Found a burning altar of Makhleb.
  3556 | D:4      | Noticed an ogre
  3566 | D:4      | Offered knowledge of Inner Flame by Vehumet.
  3567 | D:4      | Killed an ogre
  3706 | D:4      | Reached XP level 6. HP: 39/39 MP: 1/10
  3874 | D:4      | Reached skill level 3 in Dodging
  4032 | D:4      | Found Ytin's Distillery.
  4108 | D:4      | Bought a potion of magic for 88 gold pieces
  4108 | D:4      | Bought a potion of curing for 33 gold pieces
  4108 | D:4      | Bought a potion of degeneration for 11 gold pieces
  4108 | D:4      | Bought a potion of cancellation for 88 gold pieces
  4504 | D:4      | Found Pipoxket's Antique Weapon Shoppe.
  4596 | D:5      | Entered Level 5 of the Dungeon
  5118 | D:5      | Reached XP level 7. HP: 39/45 MP: 4/11
  5368 | D:5      | Reached *** piety under Vehumet
  5504 | D:5      | Reached skill level 4 in Dodging
  5504 | D:5      | Reached skill level 5 in Poison Magic
  5576 | D:5      | Reached skill level 5 in Dodging
  5581 | D:5      | Learned a level 4 spell: Olgreb's Toxic Radiance
  6207 | D:6      | Noticed Maggie
  6263 | D:6      | Found a stormy altar of Qazlal.
  6417 | D:6      | Reached skill level 1 in Evocations
  6431 | D:6      | Killed Maggie
  6432 | D:6      | Reached XP level 8. HP: 24/52 MP: 1/15
  6575 | D:6      | Found a staircase to the Ecumenical Temple.
  6586 | D:6      | Reached skill level 5 in Spellcasting
  6913 | D:6      | Found a radiant altar of Vehumet.
  6988 | D:6      | Found a blossoming altar of Fedhas.
  7036 | D:7      | Noticed a wraith
  7056 | D:6      | Reached skill level 5 in Fighting
  7083 | D:7      | Offered knowledge of Frozen Ramparts by Vehumet.
  7268 | D:6      | Reached XP level 9. HP: 39/61 MP: 12/16
  7345 | D:6      | Learned a level 3 spell: Frozen Ramparts
  7355 | D:7      | Reached skill level 1 in Ice Magic
  7636 | D:6      | Reached skill level 5 in Conjurations
  8364 | D:7      | Found an iron altar of Okawaru.
  8476 | D:7      | Reached skill level 5 in Ice Magic
  8695 | D:7      | Reached **** piety under Vehumet
  8700 | D:7      | Reached skill level 6 in Dodging
  8955 | D:7      | Reached skill level 7 in Dodging
  8955 | D:7      | Reached skill level 1 in Short Blades
  8977 | D:7      | Mangled by a steam dragon

Illustrated notes

Levels and vault maps discovered:
D:1:      minmay_arrival_arboretum_small, layout_basic, basic_ecumenical_altar
D:2:      layout_rooms, kennysheep_generic_room_12
D:3:      cheibrodos_old_hovel, layout_rooms, general_overflow_altar
D:4:      layout_cave_pods, bloody_makhleb, serial_shops, shop,
          kennysheep_little_box, grunt_ministairs_2, guppyfry_early_lair_pool
D:5:      layout_gridville
D:6:      layout_cave_pools, mainiacjoe_overflow_24_doors,
          nicolae_qazlal_general_emergency, fedhas_altar_decomposition,
          minmay_temple_entry_mini_moons, nicolae_kite_square_tiling_tiny,
          uniq_maggie
D:7:      layout_basic, okawaru_ov_weapons_minmay, kb_rosetta

Skill      XL: |  1  2  3  4  5  6  7  8  9 |
---------------+----------------------------+-----
Stealth        | 3 |  3.0
Air Magic      | 1 2 3 |  3.0
Fighting       | 1 2 3 5 |  5.0
Conjurations   | 1 3 4 5 |  5.0
Spellcasting   | 3 4 5 |  5.0
Dodging        | 3 5 7 |  7.0
Poison Magic   | 4 5 |  5.0
Evocations     | 2 |  2.0
Ice Magic      | 5 |  5.0
Short Blades   | 1 |  1.2
Transmutations | |  1.0

Action                     |  1- 3 |  4- 6 |  7- 9 || total
---------------------------+-------+-------+-------++-------
  Melee: Tentacles         |     7 |    11 |    50 ||    68
         Club              |     2 |       |       ||     2
         Dagger            |    26 |    47 |   154 ||   227
         Constrict         |     5 |    11 |    31 ||    47
         Punch             |       |     1 |     1 ||     2
  Throw: Stone             |       |       |    10 ||    10
   Cast: Sting             |    29 |    31 |    43 ||   103
         Poisonous Vapours |    36 |    63 |    40 ||   139
         Mephitic Cloud    |       |     5 |    19 ||    24
         Olgreb's Toxic Ra |       |       |     7 ||     7
         Frozen Ramparts   |       |       |    21 ||    21
    Use: Scroll            |       |       |     8 ||     8
         Potion            |       |       |     3 ||     3
   Stab: Confused          |       |     2 |     4 ||     6
         Fleeing           |       |       |     1 ||     1
 Armour: Skin              |     1 |     1 |     5 ||     7
  Dodge: Dodged            |    10 |    15 |   111 ||   136
  Block: Other             |     3 |     7 |    36 ||    46
         Reflection        |       |       |     1 ||     1

Table legend: (Time is in decaauts)
 A = Elapsed time spent in this place.
 B = Non-inter-level travel time spent in this place.
 C = Inter-level travel time spent in this place.
 D = Time resting spent in this place.
 E = Time spent auto-exploring this place.
 F = Levels seen in this place.
 G = Mean time per level.
                   A        B        C        D        E       F      G
               +--------+--------+--------+--------+--------+-----+--------+
         Total |   9021 |   8824 |    197 |   2512 |   4900 |   7 | 1288.7 |
       Dungeon |   9021 |   8824 |    197 |   2512 |   4900 |   7 | 1288.7 |
               +--------+--------+--------+--------+--------+-----+--------+

Top non-repeatable levels by time:
     D:6: 1926 daAuts
     D:5: 1756 daAuts
     D:4: 1638 daAuts
     D:1: 1161 daAuts
     D:2: 982 daAuts
     D:3: 932 daAuts
     D:7: 624 daAuts
